 Dungeon Crawl Stone Soup version 0.31-a0-654-gbe3e110b4e (webtiles) character file.

Game seed: 2322897648824690459

1068 dondy the Grappler (level 8, 0/74 HPs)
             Began as a Troll Fighter on Aug 29, 2023.
             Was a Believer of Dithmenos.
             Killed from afar by Dowan (21 damage)
             ... with a shard of ice
             ... on level 4 of the Dungeon.
             The game lasted 00:08:32 (3573 turns).

dondy the Grappler (Troll Fighter)                  Turns: 3573, Time: 00:08:32

Health: 0/74       AC:  5    Str: 27    XL:     8   Next: 7%
Magic:  7/7        EV:  9    Int:  4    God:    Dithmenos [**....]
Gold:   267        SH:  8    Dex:  9    Spells: 7/7 levels left

rFire   + .          .
                       - Unarmed
rCold   . . .        b - +0 kite shield
rNeg    . . .        a - +0 robe
rPois   .            (helmet restricted)
rElec   .            m - +0 cloak
rCorr   .            (gloves unavailable)
SInv    +            (boots unavailable)
Will    .....        f - amulet of faith
Stlth   +            q - ring of protection from fire
HPRegen 1.12/turn    g - ring of see invisible
MPRegen 0.10/turn

%: faith
@: wreathed by umbra
A: large, unfitting armour, claws 3, regeneration 1, shaggy fur 1, tough skin 1
a: Renounce Religion, Shadow Step


You were on level 4 of the Dungeon.
You worshipped Dithmenos.
Dithmenos was pleased with you.
You visited 1 branch of the dungeon, and saw 5 of its levels.

You collected 267 gold pieces.

Inventory:

Hand Weapons
 d - a +1 dagger of venom
 h - a +1 spear of venom
 k - a +5 dagger of holy wrath
Missiles
 s - 3 poisoned darts
Armour
 a - a +0 robe (worn)
 b - a +0 kite shield (worn)
 m - a +0 cloak (worn)
Jewellery
 f - an amulet of faith (around neck)
 g - a ring of see invisible (right claw)
 q - a ring of protection from fire (left claw)
Wands
 p - a wand of paralysis (8)
Scrolls
 e - 3 scrolls of identify {unknown}
 j - 2 scrolls of enchant weapon {unknown}
 o - a scroll of immolation {unknown}
 u - a scroll of poison {unknown}
 v - 2 scrolls of blinking {unknown}
 w - a scroll of amnesia {unknown}
 x - a scroll of enchant armour {unknown}
Potions
 c - a potion of might
 i - a potion of resistance {unknown}
 l - 4 potions of heal wounds {unknown}
 n - 6 potions of curing {unknown}
 r - a potion of brilliance {unknown}
 t - a potion of magic {unknown}
 z - a potion of haste {unknown}


   Skills:
 - Level 2.4 Fighting
 - Level 2.4 Dodging
 - Level 4.0 Shields
 * Level 9.1 Unarmed Combat


You had 7 spell levels left.
You didn't know any spells.
Your spell library contained the following spells:

 Spells                   Type           Power      Damage    Failure   Level
 Lesser Beckoning         Tloc           0%         N/A       86%         2
 Poisonous Vapours        Pois/Air       0%         N/A       86%         2
 Gell's Gravitas          Tloc           0%         N/A       98%         3
 Mephitic Cloud           Conj/Pois/Air  0%         N/A       98%         3
 Teleport Other           Tloc           0%         N/A       98%         3
 Freezing Cloud           Conj/Ice/Air   0%         6-21      100%        5


Dungeon Overview and Level Annotations

Branches:
Dungeon (5/15)             Temple (0/1) D:5

Altars:
Ashenzari
Dithmenos
Gozag
Makhleb
Qazlal
Zin

Shops:
D:5 [

Annotations:
D:4 Dowan


Innate Abilities, Weirdness & Mutations

You are too large for most types of armour.
You have claws for hands.
Your natural rate of healing is unusually fast.
You are covered in fur. (AC +1)
You have tough skin. (AC +1)


Message History

You block the quokka's attack.
Dowan casts a spell.
Dowan blinks!
You mangle the quokka!!
You kill the quokka!
Dithmenos accepts your kill.
There is a stone staircase leading up here.
You scratch Duvessa.
Duvessa is lightly wounded.
Duvessa hits you with a +2 short sword of distortion.
You blink.
Dowan casts a spell.
Dowan blinks!
You claw Duvessa!
Duvessa is moderately wounded.
Duvessa hits you with a +2 short sword of distortion!
Space warps horribly around you!!
You claw Duvessa!
Duvessa is heavily wounded.
Duvessa hits you with a +2 short sword of distortion.
Space warps horribly around you!
* * * LOW HITPOINT WARNING * * *
Unknown command.
You mangle Duvessa!!
You kill Duvessa!
Dithmenos accepts your kill.
Dowan screams, "No!
Oh no!"
Dowan seems to find hidden reserves of power!
Your Unarmed Combat skill increases to level 9!
You have reached level 8!
Dowan hits you with a +0 dagger.
* * * LOW HITPOINT WARNING * * *
Dowan casts a spell.
Dowan blinks!
Things that are here:
a +2 short sword of distortion; a +0 ring mail You miss Dowan.
You block Dowan's attack. Dowan gestures at you while chanting.
The shard of ice hits you!!
You die...

#.<...............#...
####.#####..#######..###.
#........#..## #........
#.##.###.#...# #.#..##.. #.##.#
#.##..# #.#..##..
#######.##.###.##..####.#..##..
#............#.##..............
#.#####.##.#...)........#####..
#.# #.##...e@#........###....
#.# ##.####.#.#.†..........#..
#.# #.......#.#........#######
#.# #.......<.##.......# #.#
#.#####.#.##.......# #.# #.#
#.#.###.....####
#.####.#####.#.# #.>......#
#............#.# #.....##.#####
######.###.#[#.###.....##......


You could see Dowan (fast).

Vanquished Creatures
  Sigmund (D:5)
  Menkaure (D:4)
  Duvessa (D:4)
  A phantom (D:5)
  A scorpion (D:5)
  4 hounds
  A gnoll bouda (D:4)
  2 orc priests (D:5)
  Crazy Yiuf (D:2)
  4 iguanas
  Ijyb (D:3)
  5 gnolls (D:4)
  2 adders
  A worm (D:3)
  2 dart slugs
  13 orcs
  11 ball pythons
  6 endoplasms
  5 giant cockroaches
  9 goblins
  7 hobgoblins
  3 jackals (D:4)
  6 quokkas
  6 bats
  3 frilled lizards (D:1)
  4 kobolds
  10 rats
111 creatures vanquished.

Notes
Turn   | Place    | Note
-------+----------+-------------------------------------------
     0 | D:1      | dondy the Troll Fighter began the quest for the Orb.
     0 | D:1      | Reached XP level 1. HP: 22/22 MP: 0/0
    80 | D:1      | Reached XP level 2. HP: 29/29 MP: 1/1
   191 | D:1      | You fall into a shaft and drop 1 floor!
   235 | D:1      | Reached skill level 3 in Unarmed Combat
   454 | D:1      | Reached XP level 3. HP: 36/36 MP: 2/2
   865 | D:2      | Found a shadowy altar of Dithmenos.
   911 | D:2      | Became a worshipper of Dithmenos the Shadowed
   966 | D:2      | Found a runed translucent door.
   967 | D:2      | Noticed Crazy Yiuf
   979 | D:2      | Killed Crazy Yiuf
   980 | D:2      | Reached XP level 4. HP: 32/44 MP: 3/3
  1764 | D:3      | Found a broken altar of Ashenzari.
  1959 | D:3      | Found a glowing silver altar of Zin.
  2014 | D:3      | Reached skill level 4 in Unarmed Combat
  2048 | D:3      | Reached * piety under Dithmenos
  2084 | D:3      | Identified the +1 ring mail of the Wilderness {rF+ Will+}
  2306 | D:3      | Found a burning altar of Makhleb.
  2307 | D:3      | Noticed Ijyb
  2332 | D:3      | Paralysed by Ijyb for 3 turns
  2338 | D:3      | Killed Ijyb
  2339 | D:3      | Reached XP level 5. HP: 35/50 MP: 4/4
  2571 | D:4      | Noticed Menkaure
  2580 | D:4      | Killed Menkaure
  2581 | D:4      | Reached skill level 5 in Unarmed Combat
  2581 | D:4      | Reached XP level 6. HP: 27/59 MP: 5/5
  2662 | D:4      | Noticed Dowan
  2680 | D:4      | Noticed Duvessa
  2691 | D:5      | Entered Level 5 of the Dungeon
  2730 | D:5      | Found a staircase to the Ecumenical Temple.
  2749 | D:5      | Reached skill level 6 in Unarmed Combat
  2813 | D:5      | Found a stormy altar of Qazlal.
  2824 | D:5      | Found Besoefa's Antique Armour Emporium.
  2829 | D:5      | Noticed Sigmund
  2852 | D:5      | Reached ** piety under Dithmenos
  2865 | D:5      | Killed Sigmund
  2866 | D:5      | Reached skill level 7 in Unarmed Combat
  2866 | D:5      | Reached XP level 7. HP: 65/66 MP: 6/6
  2986 | D:5      | Identified the +7 dagger "Urul Xou" {heavy, rCorr Str-3
                  | Dex+4}
  3077 | D:5      | Reached skill level 8 in Unarmed Combat
  3382 | D:4      | Found an opulent altar of Gozag.
  3570 | D:4      | Killed Duvessa
  3571 | D:4      | Reached skill level 9 in Unarmed Combat
  3571 | D:4      | Reached XP level 8. HP: 18/74 MP: 7/7
  3573 | D:4      | Killed from afar by Dowan

Illustrated notes

Levels and vault maps discovered:
D:1:      kennysheep_arrival_seaside, layout_basic, minivault_26,
          minmay_small_reverse_x
D:2:      layout_basic, basic_altar, uniq_crazy_yiuf_cottage
D:3:      minmay_angry_zag, layout_loops_corners, lemuel_tele_altar,
          zin_treasury, ashenzari_altar_1, uniq_ijyb
D:4:      layout_loops_ring, lemuel_crystal_altar, grunt_decor_cap,
          uniq_duvessa, uniq_menkaure
D:5:      layout_rooms, nicolae_qazlal_general_emergency,
          minmay_temple_entry_trees, serial_shops, nicolae_shop_hallway_plus,
          corexii_leaking_fountain, uniq_sigmund

Skill      XL: |  1  2  3  4  5  6  7 |
---------------+----------------------+-----
Shields        | 3 4 |  4.0
Unarmed Combat | 3 4 5 7 9 |  9.1
Fighting       | |  2.4
Dodging        | |  2.4

Action                     |  1- 3 |  4- 6 |  7- 9 || total
---------------------------+-------+-------+-------++-------
  Melee: Unarmed           |   104 |   133 |    75 ||   312
 Armour: Robe              |    29 |    23 |     9 ||    61
  Dodge: Dodged            |    27 |    40 |    18 ||    85
  Block: Kite shield       |    43 |    42 |    25 ||   110

Table legend: (Time is in decaauts)
 A = Elapsed time spent in this place.
 B = Non-inter-level travel time spent in this place.
 C = Inter-level travel time spent in this place.
 D = Time resting spent in this place.
 E = Time spent auto-exploring this place.
 F = Levels seen in this place.
 G = Mean time per level.
                   A        B        C        D        E       F      G
               +--------+--------+--------+--------+--------+-----+--------+
         Total |   3575 |   3438 |    137 |     53 |   2595 |   5 |  715.0 |
       Dungeon |   3575 |   3438 |    137 |     53 |   2595 |   5 |  715.0 |
               +--------+--------+--------+--------+--------+-----+--------+

Top non-repeatable levels by time:
     D:3: 913 daAuts
     D:2: 865 daAuts
     D:1: 766 daAuts
     D:4: 578 daAuts
     D:5: 452 daAuts
